 Dungeon Crawl Stone Soup version 0.23.2-33-g5129a83184 (webtiles) character file.

Game seed: 4399377161795836619

6442 H0rd4k the Slicer (level 11, -9/81 HPs)
             Began as a Human Artificer on Aug 2, 2019.
             Was an Initiate of Gozag.
             Mangled by a tengu warrior
             ... wielding a +0 glaive
              (16 damage)
             ... on level 8 of the Dungeon on Aug 5, 2019.
             The game lasted 00:26:59 (12557 turns).

H0rd4k the Slicer (Human Artificer)                Turns: 12557, Time: 00:27:01

Health: -9/81      AC: 10    Str: 20    XL:     11   Next: 18%
Magic:  14/14      EV: 14    Int: 11    God:    Gozag
Gold:   1219       SH:  0    Dex: 15    Spells: 10/10 levels left

rFire    . . .     SeeInvis +   w - +5 rapier (elec)
rCold    . . .     Gourm    .   (no shield)
rNeg     + . .     Faith    .   E - +0 ring mail of Digoaraj {SInv} (curse)
rPois    +         Spirit   .   D - +0 helmet
rElec    .         Reflect  .   (no cloak)
rCorr    .         Harm     .   r - +2 pair of gloves
MR       .....                  (no boots)
Stlth    ++........             (no amulet)
HPRegen  0.23/turn              h - ring of poison resistance
MPRegen  0.14/turn              B - ring of positive energy

@: mighty
A: no striking features
a: Potion Petition, Call Merchant, Bribe Branch, Renounce Religion


You were on level 8 of the Dungeon.
You worshipped Gozag.
Gozag was most pleased with you.
You were very hungry.

You visited 2 branches of the dungeon, and saw 10 of its levels.
You also visited: Ossuary.

You collected 1356 gold pieces.
You paid 137 gold pieces to Gozag.

Inventory:

Hand Weapons
 a - a +2 falchion of electrocution
 c - a +0 dagger of venom
 w - a +5 rapier of electrocution (weapon)
 H - the +3 mace "Foerek" {venom, +Fly MR+ Dex-3}
   (You found it on level 7 of the Dungeon)

   It poisons the flesh of those it strikes.
   It affects your dexterity (-3).
   It affects your resistance to hostile enchantments.
   It lets you fly.
 J - a +0 blowgun
Missiles
 t - 19 tomahawks
 u - 43 poisoned needles
 C - 5 exploding tomahawks (quivered)
Armour
 b - a +0 leather armour
 r - a +2 pair of gloves (worn)
 D - a +0 helmet (worn)
 E - the cursed +0 ring mail of Digoaraj (worn) {SInv}
   (You found it on level 6 of the Dungeon)

   It lets you see invisible.
   It has a curse placed upon it.
Jewellery
 h - a ring of poison resistance (left hand)
 q - an uncursed ring of see invisible
 B - a ring of positive energy (right hand)
Wands
 d - a wand of enslavement (13)
 p - a wand of acid (1)
 s - a wand of digging (6)
 F - a wand of iceblast (3)
 G - a wand of polymorph (8)
 I - a wand of flame (8)
Scrolls
 g - 2 scrolls of fear
 j - 3 scrolls of remove curse
 k - a scroll of fog
 n - 8 scrolls of teleportation
 y - 2 scrolls of magic mapping
 K - a scroll of noise
 L - a scroll of vulnerability
Potions
 e - 4 potions of heal wounds
 i - 2 potions of invisibility
 l - 3 potions of ambrosia
 o - a potion of haste
 v - 2 potions of degeneration
 x - a potion of brilliance {unknown}
 z - 3 potions of curing
 A - 3 potions of might
Comestibles
 f - 12 rations


   Skills:
 + Level 5.7 Fighting
 + Level 9.3 Short Blades
 + Level 2.7 Maces & Flails
 + Level 5.7 Throwing
 + Level 5.7 Armour
 + Level 6.0 Dodging
 + Level 5.3 Stealth
 + Level 4.5 Evocations


You had 10 spell levels left.
You didn't know any spells.
Your spell library contained the following spells:

 Spells                   Type           Power        Failure   Level  Hunger
 Confusing Touch          Hex            #.....       50%         1    ##.....
 Magic Dart               Conj           #...         50%         1    ##.....
 Summon Small Mammal      Summ           #...         50%         1    ##.....
 Blink                    Tloc           N/A          65%         2    ###....
 Call Imp                 Summ           #.......     65%         2    ###....
 Slow                     Hex            #.......     65%         2    ###....
 Call Canine Familiar     Summ           #.......     86%         3    ####...
 Confuse                  Hex            #.......     86%         3    ####...
 Conjure Flame            Conj/Fire      #.......     86%         3    ####...
 Gell's Gravitas          Tloc           #.........   86%         3    ####...
 Mephitic Cloud           Conj/Pois/Air  #.......     86%         3    ####...
 Summon Guardian Golem    Hex/Summ       #.......     86%         3    ####...
 Petrify                  Tmut/Erth      #.......     99%         4    #####..
 Summon Ice Beast         Ice/Summ       #.......     99%         4    #####..
 Summon Lightning Spire   Summ/Air       #.......     99%         4    #####..
 Metabolic Englaciation   Hex/Ice        #.........   100%        5    ######.
 Yara's Violent Unravell  Hex/Tmut       #.........   100%        5    ######.


Dungeon Overview and Level Annotations

Branches:
Dungeon (9/15)             Temple (1/1) D:6            Lair (0/6) D:9
    Orc (0/2) D:9

Altars:
Ashenzari
Cheibriados
Dithmenos
Elyvilon
Fedhas
Gozag
Hepliaklqana
Kikubaaqudgha
Makhleb
Nemelex Xobeh
Okawaru
Qazlal
Ru
Sif Muna
Trog
Uskayaw
Vehumet
Wu Jian
Xom
Yredelemnul
Zin
The Shining One

Shops:
D:9 =

Annotations:
D:4 exclusion: downstairs
D:5 exclusions: downstairs and sky beast
D:6 3 runed translucent doors, raetorn's ghost, novice FoFi
D:8 exclusion: downstairs


Message History

* * * LOW HITPOINT WARNING * * *
The orc closely misses you. The crimson imp closely misses you.
You miss the tengu warrior.
The tengu warrior is almost dead.
The orc misses you. The tengu warrior barely misses you.
The tengu warrior pecks you.
* * * LOW HITPOINT WARNING * * *
The tengu warrior claws you.
* * * LOW HITPOINT WARNING * * *
You hit the tengu warrior but do no damage.
The tengu warrior is almost dead.
The crimson imp misses you.
You miss the tengu warrior.
The tengu warrior is almost dead.
The orc hits you but does no damage. The crimson imp puffs mist at you.
The crimson imp closely misses you.
The tengu warrior hits you with a +0 glaive!
You die...
Your body crumbles into a pile of gold.

.........##..# #......
#.######.##..###########.####
###≈≈≈≈≈≈≈≈≈≈≈≈≈≈≈≈## #
#.####.≈#######..#######≈####
#......≈# ...#..'.....#≈#.##
...#####.≈#
...#..#.....#≈.... #.#####.≈#
#..#..#..##.#≈#.## #.......≈#
#..#..#..#.)#≈#.#
#######.≈####@.'..#..####≈#.#
##≈...5oQ####......≈#.#
#≈...)..≈≈≈#......≈#.#
#≈####(.≈8≈#......≈#.#
#≈#..(..≈≈≈#####'#≈..#
#≈#.#............#≈..#
#≈###............#≈>.#
#≈.......#.)###..#≈..#
#≈....##.#..#[#..#≈..#


You could see a tengu warrior, a crimson imp and an orc.

Vanquished Creatures
  A two-headed ogre (D:9)
  A deep elf mage (D:8)
  A troll (D:9)
  2 hippogriffs (D:8)
  Sigmund (D:2)
  A spriggan (D:7)
  A wraith (D:7)
  A hungry ghost (D:9)
  A water moccasin (D:9)
  3 orc warriors (D:9)
  A black bear (D:7)
  An eye of draining (D:9)
  A sky beast (D:9)
  2 phantoms (D:7)
  4 centaurs
  A necrophage (D:8)
  2 wolves (D:9)
  2 ogres (D:8)
  A crocodile (D:7)
  3 big kobolds (D:9)
  6 bullfrogs
  A wyvern skeleton (D:8)
  4 scorpions
  A killer bee (D:8)
  A wight (D:8)
  An electric eel (D:9)
  2 howler monkeys
  A crimson imp (D:5)
  8 hounds
  A jelly (D:8)
  2 orc priests
  3 human zombies (Ossuary)
  7 orc wizards
  2 bullfrog skeletons
  3 centaur zombies (Ossuary)
  4 worker ants
  A hound zombie (Ossuary)
  3 hound skeletons
  4 mummies
  A howler monkey zombie (D:5)
  A worker ant zombie (D:8)
  15 gnolls
  A howler monkey skeleton (D:6)
  9 adders
  4 shadow imps
  4 oozes
  4 adder zombies (Ossuary)
  4 adder skeletons
  2 worms
  2 dart slugs
  8 leopard geckos
  41 orcs
  9 giant cockroaches
  9 goblins
  5 hobgoblins
  8 jackals
  3 quokkas
  A ball python (D:1)
  8 bats
  7 frilled lizards
  4 goblin zombies (Ossuary)
  2 hobgoblin zombies (Ossuary)
  5 jackal zombies
  22 kobolds
  3 kobold zombies (Ossuary)
  An orc zombie (Ossuary)
  6 quokka zombies
  5 rats
  3 rat zombies (Ossuary)
283 creatures vanquished.

Vanquished Creatures (others)
  A goblin zombie (Ossuary)
  A kobold (D:9)
2 creatures vanquished.

Grand Total: 285 creatures vanquished

Notes
Turn   | Place    | Note
-------+----------+-------------------------------------------
     0 | D:1      | H0rd4k the Human Artificer began the quest for the Orb.
     0 | D:1      | Reached XP level 1. HP: 15/15 MP: 3/3
   184 | D:1      | Reached XP level 2. HP: 17/21 MP: 4/4
   453 | D:1      | Reached XP level 3. HP: 15/26 MP: 5/5
   973 | D:2      | Reached skill level 1 in Armour
   973 | D:2      | Reached XP level 4. HP: 20/32 MP: 6/6
  1009 | D:2      | Noticed Sigmund
  1221 | D:2      | Killed Sigmund
  1221 | D:2      | Reached skill level 2 in Short Blades
  1221 | D:2      | Reached XP level 5. HP: 13/38 MP: 6/8
  1221 | D:2      | Reached XP level 6. HP: 15/44 MP: 6/9
  1542 | D:2      | Reached skill level 3 in Short Blades
  3408 | D:3      | Reached XP level 7. HP: 48/50 MP: 10/10
  4594 | D:4      | Found a shimmering altar of Xom.
  4759 | D:4      | Reached skill level 4 in Short Blades
  5226 | D:5      | Entered Level 5 of the Dungeon
  5597 | D:5      | Reached XP level 8. HP: 56/57 MP: 11/11
  5607 | D:5      | Found a sand-covered staircase.
  5618 | Ossuary  | Entered an ossuary
  6115 | Ossuary  | Reached skill level 5 in Short Blades
  7468 | D:5      | Identified a scroll of acquirement
  7654 | D:6      | Reached skill level 1 in Throwing
  8072 | D:6      | Reached skill level 6 in Short Blades
  8086 | D:6      | Reached XP level 9. HP: 53/64 MP: 12/12
  8092 | D:6      | Got a distressingly furry ring mail
  8103 | D:6      | Identified the cursed +0 ring mail of Digoaraj {SInv} (You
                  | found it on level 6 of the Dungeon)
  8131 | D:6      | Found a runed translucent gate.
  8131 | D:6      | Noticed a kobold demonologist
  8135 | D:6      | Noticed raetorn's ghost (novice FoFi)
  8136 | D:6      | Found a runed translucent gate.
  8138 | D:6      | Identified the +3 short sword of Descent {drain, Dex+3}
  8139 | D:6      | Found a runed translucent gate.
  8277 | D:6      | Found a staircase to the Ecumenical Temple.
  8281 | Temple   | Entered the Ecumenical Temple
  8321 | Temple   | Became a worshipper of Gozag Ym Sagoz the Greedy
  8962 | D:7      | Reached skill level 5 in Dodging
  9010 | D:7      | Reached skill level 7 in Short Blades
  9331 | D:7      | Got a polished mace
  9726 | D:8      | Identified the +3 mace "Foerek" {venom, +Fly MR+ Dex-3}
                  | (You found it on level 7 of the Dungeon)
  9889 | D:8      | Reached XP level 10. HP: 73/73 MP: 13/13
  9900 | D:8      | Found a shattered altar of Ashenzari.
  9955 | D:8      | Reached skill level 1 in Maces & Flails
 10217 | D:9      | Found Qiwne's Jewellery Shoppe.
 10234 | D:9      | Reached skill level 5 in Armour
 10482 | D:9      | Reached skill level 5 in Fighting
 10482 | D:9      | Reached skill level 8 in Short Blades
 10569 | D:9      | Found a staircase to the Lair.
 10821 | D:9      | Noticed a two-headed ogre
 10981 | D:8      | Reached skill level 5 in Throwing
 11119 | D:8      | Noticed a tengu warrior
 11133 | D:8      | Reached skill level 5 in Stealth
 11201 | D:8      | Identified the +7 flail of Vurph {venom, rF+}
 11201 | D:8      | Noticed a deep elf mage
 11392 | D:9      | Found a staircase to the Orcish Mines.
 11628 | D:9      | HP: 3/74 [orc warrior/+0 glaive (20)]
 12137 | D:9      | Killed a two-headed ogre
 12137 | D:9      | Reached skill level 9 in Short Blades
 12137 | D:9      | Reached XP level 11. HP: 80/80 MP: 14/14
 12496 | D:8      | Killed a deep elf mage
 12557 | D:8      | Mangled by a tengu warrior

Skill      XL: |  1  2  3  4  5  6  7  8  9 10 11 |
---------------+----------------------------------+-----
Armour         | 1 2 3 4 5 |  5.7
Short Blades   | 2 3 4 6 7 9 |  9.3
Dodging        | 3 4 5 6 |  6.0
Evocations     | 4 |  4.5
Fighting       | 2 3 4 5 |  5.7
Stealth        | 2 3 4 5 |  5.3
Throwing       | 1 3 5 |  5.7
Maces & Flails | 2 |  2.7

Action                   |  1- 3 |  4- 6 |  7- 9 | 10-12 || total
-------------------------+-------+-------+-------+-------++-------
Melee: Short sword       |    92 |   163 |    41 |       ||   296
       Dagger            |       |       |   631 |       ||   631
       Rapier            |       |       |   165 |   241 ||   406
       Mace              |       |       |    11 |    13 ||    24
Throw: Tomahawk          |       |       |       |     3 ||     3
Evoke: Wand              |     4 |    32 |     8 |     6 ||    50
  Use: Scroll            |       |       |    18 |     5 ||    23
       Potion            |       |       |     2 |     3 ||     5
 Stab: Sleeping          |     1 |     4 |    11 |     1 ||    17
       Distracted        |       |       |     1 |     3 ||     4
  Eat: Chunk             |       |     5 |    13 |       ||    18
       Ration            |       |     1 |     2 |     3 ||     6
Armor: Leather armour    |    27 |    20 |    97 |       ||   144
       Ring mail         |       |       |    29 |    74 ||   103
Dodge: Dodged            |    51 |    95 |   345 |   156 ||   647
